 Dungeon Crawl Stone Soup version 0.29-a0-393-g47a863cc1b (webtiles) character file.

Game seed: 2655464402809752811

107 swappor the Chopper (level 4, 33/37 (39) HPs)
             Began as a Minotaur Berserker on May 9, 2022.
             Was a Believer of Trog.
             Quit the game on level 3 of the Dungeon on May 10, 2022.
             The game lasted 00:06:38 (1857 turns).

swappor the Chopper (Minotaur Berserker)            Turns: 1857, Time: 00:06:38

HP:   33/37 (39)    AC: 13    Str: 21    XL:     4   Next: 57%
MP:   3/3           EV:  8    Int:  6    God:    Trog [**....]
Gold: 76            SH:  0    Dex: 10    Spells: 3/3 levels left

rFire   . . .      SeeInvis .   a - +0 hand axe
rCold   . . .      Faith    .   (no shield)
rNeg    . . .      Spirit   .   l - +0 chain mail
rPois   .          Reflect  .   (helmet restricted)
rElec   .          Harm     .   (no cloak)
rCorr   .          Rampage  .   q - +2 pair of gloves
Will    .....                   r - +0 pair of boots
Stlth   ..........              (no amulet)
HPRegen 0.12/turn               (no ring)
MPRegen 0.08/turn               (no ring)

@: drained
A: horns 2, retaliatory headbutt
a: Renounce Religion, Berserk, Trog's Hand


You were on level 3 of the Dungeon.
You worshipped Trog.
Trog was pleased with you.
You visited 1 branch of the dungeon, and saw 3 of its levels.

You collected 76 gold pieces.

Inventory:

Hand Weapons
 a - a +0 hand axe (weapon)
Missiles
 m - 3 poisoned darts
 s - 18 stones (quivered)
Armour
 j - a +0 pair of gloves of hurling
   (You found it on level 1 of the Dungeon)
 l - a +0 chain mail (worn)
   (You found it on level 1 of the Dungeon)
 q - a +2 pair of gloves (worn)
   (You found it on level 2 of the Dungeon)
 r - a +0 pair of boots (worn)
   (You found it on level 2 of the Dungeon)
Scrolls
 b - a scroll of vulnerability {unknown}
 c - 3 scrolls of amnesia {unknown}
 d - a scroll of poison {unknown}
 e - 2 scrolls of fear {unknown}
 g - a scroll of blinking {unknown}
 h - 4 scrolls of identify {unknown}
 k - 2 scrolls of teleportation {unknown}
 o - a scroll of enchant weapon {unknown}
 p - a scroll of fog {unknown}
Potions
 f - 3 potions of curing {unknown}
 i - a potion of berserk rage {unknown}
 n - a potion of brilliance {unknown}


   Skills:
 - Level 3.6 Fighting
 + Level 6.3 Axes
 - Level 2.4 Armour
 - Level 2.1 Dodging
 + Level 0.9 Stealth


You had 3 spell levels left.
You didn't know any spells.
Your spell library was empty.

Dungeon Overview and Level Annotations

Branches:
Dungeon (3/15)

Altars:

Shops:
D:1 !


Innate Abilities, Weirdness & Mutations

You have a pair of horns on your head.
You reflexively headbutt those who attack you in melee.


Message History

Welcome back, swappor the Minotaur Berserker.
Trog says: Kill them all!
Bad channel name for runrest: 'Jiyva says: Divide and consume' Welcome back, swappor the Minotaur Berserker.
Trog says: Kill them all!
Bad channel name for runrest: 'Jiyva says: Divide and consume' Welcome back, swappor the Minotaur Berserker.
Trog says: Kill them all!
Okay, then.
You see here a +0 hand axe.
You now have 76 gold pieces (gained 10).
e - 2 scrolls labelled JEHYCV HEONT (gained 1)
s - 18 stones (gained 14)
A rat comes into view.
You barely miss the rat. The rat bites you but does no damage.
You closely miss the rat. The rat bites you.
You take 2 damage, and have 37/39 hp.
You barely miss the rat. You headbutt the rat.
The rat bites you but does no damage.
You hit the rat but do no damage. You headbutt the rat.
You kill the rat!
Trog accepts your kill.
You see here a rat corpse.
You see here a rat corpse.
There is a stone staircase leading up here.
h - 4 scrolls labelled JUM ICEUROS (gained 1)
r - a +0 pair of boots Health restored: 39 You start removing your armour.
You continue taking off your +0 pair of gloves of hurling. x4
You finish taking off your +0 pair of gloves of hurling.
Your aim is not that steady anymore.
You start putting on your armour.
You continue putting on your +2 pair of gloves. x5
You finish putting on your +2 pair of gloves.
You start putting on your armour.
You continue putting on your +0 pair of boots. x4
You finish putting on your +0 pair of boots.
Okay, then.
Okay, then.
Okay, then.
Unknown command.
Okay, then.
Bad channel name for runrest: 'Jiyva says: Divide and consume' Welcome back, swappor the Minotaur Berserker.
Trog says: Kill them all!
There are no items here.
c - 3 scrolls labelled RAOHOTHAURPH (gained 1) Bad channel name for runrest: 'Jiyva says: Divide and consume' Welcome back, swappor the Minotaur Berserker.
Trog says: Kill them all!
There is a stone staircase leading up here.
Done exploring.
Done exploring.
Done exploring.
Done exploring.
There is a stone staircase leading down here.
You climb downwards.
The orc shouts! x3; The orc wizard shouts!
Found 20 stones, 9 gold pieces and 2 viscous ruby potions.
Found a stone staircase leading up.
There is a stone staircase leading up here.
You hit the orc wizard but do no damage.
You closely miss the orc wizard.
The orc wizard hits you with a +0 dagger.
You take 4 damage, and have 35/39 hp.
You completely miss the orc wizard. You headbutt the orc wizard.
You barely miss the orc. The orc wizard barely misses you.
The orc hits you but does no damage.
You feel drained.
You closely miss the orc wizard. You headbutt the orc wizard!
You kill the orc wizard!
Trog accepts your kill.
Trog appreciates your killing of a magic user.
You barely miss the orc. You hit the orc. The orc hits you but does no damage.
You feel drained. The orc closely misses you.
Your life force feels restored.
You completely miss the orc. You headbutt the orc. You hit the orc.
You barely miss the orc. The orc hits you but does no damage.
The orc barely misses you. You furiously retaliate!
You headbutt the orc!
You kill the orc!
Trog accepts your kill. The orc hits you but does no damage.
You feel drained.
You barely miss the orc. x2; The orc misses you.
The orc barely misses you. You furiously retaliate!
You headbutt the orc!
You kill the orc!
Trog accepts your kill.
You hit the orc.
The orc hits you with a +0 flail of draining.
You feel drained.
You take 3 damage, and have 33/36 hp.
You hit the orc.
You kill the orc!
Trog accepts your kill.
No target in view!
No target in view!
No target in view!

##+##
##...##
##.....##
##!..<...##
#.........#
+..)))....+
#...@.....#
##(.)..$.##
##.....##
##...##
...## ##.#
.# .#


There were no monsters in sight!

Vanquished Creatures
  An orc wizard (D:3)
  2 adders (D:2)
  3 orcs (D:3)
  9 endoplasms
  4 giant cockroaches (D:1)
  7 goblins (D:1)
  6 kobolds
  4 quokkas
  6 ball pythons (D:2)
  5 bats
  4 frilled lizards (D:1)
  8 rats
59 creatures vanquished.

Notes
Turn   | Place    | Note
-------+----------+-------------------------------------------
     0 | D:1      | swappor the Minotaur Berserker began the quest for the Orb.
     0 | D:1      | Reached XP level 1. HP: 19/19 MP: 0/0
    50 | D:1      | Reached skill level 4 in Axes
   103 | D:1      | Reached XP level 2. HP: 20/26 MP: 1/1
   408 | D:1      | Reached skill level 5 in Axes
   409 | D:1      | Reached ** piety under Trog
   429 | D:1      | Reached XP level 3. HP: 28/31 MP: 2/2
   756 | D:1      | Found Duvod's Distillery.
  1225 | D:2      | Found a faded altar of an unknown god.
  1510 | D:2      | Reached skill level 6 in Axes
  1510 | D:2      | Reached XP level 4. HP: 39/39 MP: 3/3
  1857 | D:3      | Quit the game

Illustrated notes

Levels and vault maps discovered:
D:1:      elethiomel_arrival_diamonds, layout_loops_cross, serial_shops,
          nicolae_shop_advertising_works [nicolae_subvault_shop_adworks]
D:2:      layout_basic, shapermc_ecumenical_altar_rom_forum,
          hangedman_decor_opposing, grunt_ministairs_14, minmay_pentomino_p4
D:3:      layout_loops_corners, ebering_ghost_rock_garden,
          dreamdust_wishing_well, minmay_distorted, uniq_terence

Skill      XL: |  1  2  3 |
---------------+----------+-----
Axes           | 4 5 6 |  6.3
Fighting       | |  3.6
Armour         | |  2.4
Dodging        | |  2.1
Stealth        | |  0.9

Action                   |  1- 3 |  4- 6 || total
-------------------------+-------+-------++-------
Melee: Hand axe          |    84 |    14 ||    98
       Headbutt          |    12 |     6 ||    18
Throw: Stone             |    46 |     3 ||    49
Armor: Animal skin       |     6 |       ||     6
       Chain mail        |    11 |     6 ||    17
Dodge: Dodged            |    50 |     6 ||    56

Table legend: (Time is in decaauts)
 A = Elapsed time spent in this place.
 B = Non-inter-level travel time spent in this place.
 C = Inter-level travel time spent in this place.
 D = Time resting spent in this place.
 E = Time spent auto-exploring this place.
 F = Levels seen in this place.
 G = Mean time per level.
                   A        B        C        D        E       F      G
               +--------+--------+--------+--------+--------+-----+--------+
         Total |   1865 |   1782 |     83 |      0 |   1363 |   3 |  621.7 |
       Dungeon |   1865 |   1782 |     83 |      0 |   1363 |   3 |  621.7 |
               +--------+--------+--------+--------+--------+-----+--------+

Top non-repeatable levels by time:
     D:1: 1107 daAuts
     D:2: 749 daAuts
     D:3: 8 daAuts

Table legend:
 A = Kills in this place as a percentage of kills in entire the game.
 B = Kills by you in this place as a percentage of kills by you in the entire game.
 C = Kills by friends in this place as a percentage of kills by friends in the entire game.
 D = Other kills in this place as a percentage of other kills in the entire game.
 E = Experience gained in this place as a percentage of experience gained in the entire game.
 F = Experience gained in this place divided by the number of levels of this place that you have seen.
                   A       B       C       D       E      F
               +-------+-------+-------+-------+-------+----------------------
         Total | 100.0 | 100.0 |   N/A |   N/A | 100.0 |  51.3
       Dungeon | 100.0 | 100.0 |   N/A |   N/A | 100.0 |  51.3
               +-------+-------+-------+-------+-------+----------------------
